AoeStats
← All Conquistadors Are BSTRD

Arabia

510737379Analyzed
1v1 RM · 11h ago on Oct 2, 2026· 33m 0s· 2 players
Game mode
Random Map
Map size
Tiny (2 player)
Population
200
Speed
Normal
Resources
Standard
Victory
Conquest
Starting age
Dark Age
Ending age
Imperial Age
RankedLock teamsTeams togetherTeam positionsShared explorationLock speedFull tech treeHidden civsTurbo modeCheats
Victory
Defeat
1214
+13
🇩🇪 Saxons · Germany
1152
-13
Lastdrop
6:30 Loom
8:41 Feudal Age
8:57 Man-at-Arms
10:06 Double-Bit Axe
17:39 Fletching
17:50 Padded Archer Armor
23:42 Castle Age
25:37 Thumb Ring
25:29 Bodkin Arrow
All Conquistadors Are BSTRD
5:43 Loom
9:23 Feudal Age
13:00 Double-Bit Axe
15:00 Fletching
15:11 Padded Archer Armor
17:20 Horse Collar
21:23 Wheelbarrow
23:46 Castle Age
22:21 Gold Mining
22:39 Scale Barding Armor
23:05 Bloodlines
23:30 Forging
24:29 Town Watch
25:13 Chain Barding Armor
25:30 Husbandry
26:44 Iron Casting
31:06 Heavy Plow
31:23 Bow Saw
Connection lost

Rejoining the realm…

Still unreachable

The connection could not be restored.

Session expired

The server has moved on; the page needs a fresh start.